 Dungeon Crawl Stone Soup version 0.28.0-43-g3370ac3207 (webtiles) character file.

Game seed: 9551218792896855222

433 styxcanada the Covert (level 6, -4/32 HPs)
             Began as a Spriggan Brigand on Mar 26, 2022.
             Was an Initiate of Gozag.
             Slain by a kobold brigand
             ... wielding a +0 dagger
              (6 damage)
             ... in a sewer.
             The game lasted 00:17:44 (4711 turns).

styxcanada the Covert (Spriggan Brigand)            Turns: 4711, Time: 00:17:44

Health: -4/32      AC:  3    Str:  7    XL:     6   Next: 67%
Magic:  7/7        EV: 18    Int: 12    God:    Gozag
Gold:   201        SH:  0    Dex: 19    Spells: 5/5 levels left

rFire   . . .      SeeInvis +   m - +2 short sword (holy)
rCold   . . .      Faith    .   (no shield)
rNeg    . . .      Spirit   .   b - +0 robe
rPois   .          Reflect  .   (helmet restricted)
rElec   .          Harm     .   c - +0 cloak
rCorr   .          Rampage  .   (gloves unavailable)
Will    +....                   (boots unavailable)
Stlth   ++++......              (no amulet)
HPRegen 0.10/turn               n - ring of flight
MPRegen 0.10/turn               (no ring)

@: flying, very quick
A: very small, no large weapons, unfitting armour, see invisible, speed 3
a: Renounce Religion, Potion Petition, Call Merchant, Bribe Branch


You were in a sewer.
You worshipped Gozag.
Gozag was aware of your devotion.
You visited 2 branches of the dungeon, and saw 7 of its levels.
You also visited: Sewer.

You collected 235 gold pieces.
You paid 34 gold pieces to Gozag.

Inventory:

Hand Weapons
 a - a +2 dagger
 g - a +0 hunting sling
 m - a +2 short sword of holy wrath (weapon)
Missiles
 d - 4 poisoned darts
 h - 174 stones (quivered)
Armour
 b - a +0 robe (worn)
 c - a +0 cloak (worn)
Jewellery
 n - a ring of flight (left hand)
 r - an amulet of reflection
Scrolls
 e - a scroll of noise {unknown}
 p - 2 scrolls of identify {unknown}
Potions
 f - a potion of lignification {unknown}
 j - a potion of cancellation {unknown}
 k - 2 potions of heal wounds {unknown}
 l - a potion of brilliance {unknown}
 o - a potion of mutation {unknown}
 q - 4 potions of curing {unknown}
 s - 2 potions of flight {unknown}
 t - a potion of invisibility {unknown}


   Skills:
 * Level 2.8 Fighting
 + Level 3.4 Short Blades
 + Level 1.4(3.0) Slings
 + Level 3.3(3.4) Throwing
 * Level 3.4 Dodging
 * Level 8.7 Stealth


You had 5 spell levels left.
You didn't know any spells.
Your spell library was empty.

Dungeon Overview and Level Annotations

Branches:
Dungeon (6/15)             Temple (1/1) D:4           Sewer (1/1)

Altars:
Ashenzari
Cheibriados
Dithmenos
Elyvilon
Fedhas
Gozag
Hepliaklqana
Kikubaaqudgha
Makhleb
Nemelex Xobeh
Okawaru
Qazlal
Ru
Sif Muna
Trog
Uskayaw
Vehumet
Xom
Yredelemnul
Zin
The Shining One

Annotations:
D:4 1 runed translucent door, Pinkishskies's ghost, amateur DjFE


Innate Abilities, Weirdness & Mutations

You are very small and have problems with some larger weapons.
You are too small for most types of armour.
You have supernaturally acute eyesight. (SInv)
You cover ground extremely quickly. (Speed+++)


Message History

The kobold brigand hits you but does no damage.
The kobold closely misses you.
You hit the kobold brigand but do no damage.
The kobold brigand is moderately wounded.
The kobold brigand hits you with a +0 dagger.
The kobold hits you but does no damage.
You hit the kobold.
You kill the kobold!
The kobold brigand closely misses you.
You hit the kobold brigand.
The kobold brigand is heavily wounded.
The kobold brigand hits you with a +0 dagger.
* * * LOW HITPOINT WARNING * * *
You hit the kobold brigand but do no damage.
The kobold brigand is heavily wounded.
The kobold brigand barely misses you.
You hit the kobold brigand but do no damage.
The kobold brigand is heavily wounded.
The kobold brigand hits you but does no damage.
You hit the kobold brigand.
The kobold brigand is severely wounded.
The kobold brigand barely misses you.
You barely miss the kobold brigand.
The kobold brigand is severely wounded.
You hit the kobold brigand but do no damage.
The kobold brigand is severely wounded.
The kobold brigand hits you with a +0 dagger.
* * * LOW HITPOINT WARNING * * *
You hit the kobold brigand but do no damage.
The kobold brigand is severely wounded.
The kobold brigand hits you but does no damage.
You hit the kobold brigand.
The kobold brigand is severely wounded.
The kobold brigand hits you with a +0 dagger.
* * * LOW HITPOINT WARNING * * *
You barely miss the kobold brigand.
The kobold brigand is severely wounded.
The kobold brigand hits you with a +0 dagger.
You die...
Your body crumbles into a pile of gold.

. .≈##≈≈≈≈≈≈≈≈
≈≈≈≈≈≈≈≈≈≈≈≈≈≈≈≈
≈≈≈≈≈≈≈≈≈≈≈≈≈≈≈≈
≈≈≈≈≈≈≈≈≈≈≈≈≈≈≈ #
≈≈≈≈≈≈≈≈≈≈≈≈≈≈ ≈#
≈≈≈≈≈≈≈≈≈≈≈≈#######≈≈#
≈≈≈≈..≈≈≈≈≈≈#..#@?#≈≈#
.........≈≈≈#..$K.#≈≈#
............'....##≈≈#
#...........#.....#≈≈#
###........##..#.!#≈≈#
###...###########≈≈#
∩# ##### ≈≈# ## ≈# #


You could see a kobold brigand.

Vanquished Creatures
  An ogre (D:3)
  2 scorpions
  A jelly (D:4)
  4 gnolls (D:4)
  4 adders
  3 river rats (Sewer)
  A worm (D:2)
  3 dart slugs
  5 orcs
  4 ball pythons
  4 bats
  5 endoplasms
  2 giant cockroaches
  7 goblins
  9 hobgoblins
  4 jackals (D:1)
  A quokka (D:3)
  A frilled lizard (D:2)
  13 kobolds
  11 rats
85 creatures vanquished.

Notes
Turn   | Place    | Note
-------+----------+-------------------------------------------
     0 | D:1      | styxcanada the Spriggan Brigand began the quest for the
                  | Orb.
     0 | D:1      | Reached XP level 1. HP: 10/10 MP: 2/2
    46 | D:1      | Reached skill level 6 in Stealth
    73 | D:1      | Reached XP level 2. HP: 3/14 MP: 3/3
  1034 | D:1      | Reached XP level 3. HP: 18/18 MP: 4/4
  1210 | D:2      | Reached skill level 7 in Stealth
  1242 | D:2      | Found a faded altar of an unknown god.
  2106 | D:2      | Reached XP level 4. HP: 23/23 MP: 5/5
  2963 | D:3      | Noticed an ogre
  3018 | D:3      | Killed an ogre
  3019 | D:3      | Reached skill level 8 in Stealth
  3019 | D:3      | Reached XP level 5. HP: 26/26 MP: 6/6
  3322 | D:4      | Found a staircase to the Ecumenical Temple.
  3330 | Temple   | Entered the Ecumenical Temple
  3385 | Temple   | Became a worshipper of Gozag Ym Sagoz the Greedy
  3470 | D:4      | Reached XP level 6. HP: 22/32 MP: 7/7
  3925 | D:4      | Found a runed translucent door.
  3925 | D:4      | Noticed Pinkishskies's ghost (amateur DjFE)
  3946 | D:4      | You are sucked into a shaft and drop 2 floors!
  3959 | D:5      | Entered Level 5 of the Dungeon
  3971 | D:5      | Noticed a wraith
  4033 | D:5      | Reached skill level 1 in Slings
  4069 | D:5      | Found a glowing drain.
  4086 | Sewer    | Entered a sewer
  4711 | Sewer    | Slain by a kobold brigand

Illustrated notes

Levels and vault maps discovered:
D:1:      tarquinn_simple_flora_water_e, layout_rooms
D:2:      layout_loops_ring, dreamdust_ecumenical_altar_statues
D:3:      layout_basic
D:4:      layout_basic, temple_fountains, gammafunk_ghost_grave,
          chequers_decorated_corner
D:5:      layout_rooms, cheibrodos_sewer_entry_sluice,
          kennysheep_generic_room_15
D:6:      layout_loops_ring
Temple:   kilobyte_greek_temple
Sewer:    sewer_minmay_treatment

Skill      XL: |  1  2  3  4  5  6 |
---------------+-------------------+-----
Stealth        | 6 7 8 |  8.7
Fighting       | 2 |  2.8
Dodging        | 2 3 |  3.4
Short Blades   | 3 |  3.4
Throwing       | 3 |  3.3
Slings         | 1 |  1.4

Action                   |  1- 3 |  4- 6 || total
-------------------------+-------+-------++-------
Melee: Dagger            |   110 |    35 ||   145
       Punch             |     2 |     2 ||     4
       Short sword       |       |    78 ||    78
 Fire: Hunting sling     |     3 |    36 ||    39
Throw: Dart              |    16 |    42 ||    58
       Stone             |       |     4 ||     4
  Use: Scroll            |       |     2 ||     2
 Stab: Sleeping          |    12 |     8 ||    20
       Distracted        |       |     3 ||     3
Armor: Robe              |    15 |    17 ||    32
Dodge: Dodged            |    66 |    79 ||   145
